 Dungeon Crawl Stone Soup version 0.23.2-1-ga50397a (webtiles) character file.

Game seed: 3059913769690025837

128 Kahibar the Gusty (level 4, -2/34 HPs)
             Began as a Draconian Air Elementalist on May 25, 2019.
             Slain by Sigmund
             ... wielding a cursed +0 scythe
              (6 damage)
             ... on level 3 of the Dungeon.
             The game lasted 00:23:27 (3271 turns).

Kahibar the Gusty (Draconian Air Elementalist)      Turns: 3271, Time: 00:23:27

Health: -2/34      AC:  5    Str: 10    XL:     4   Next: 87%
Magic:  5/8        EV: 12    Int: 17    God:
Gold:   125        SH:  0    Dex: 11    Spells: 7/8 levels left

rFire    . . .     SeeInvis .   d - +0 club
rCold    . . .     Gourm    .   (no shield)
rNeg     . . .     Faith    .   (armour unavailable)
rPois    .         Spirit   .   (helmet restricted)
rElec    .         Reflect  .   (no cloak)
rCorr    .         Harm     .   (no gloves)
MR       .....                  (no boots)
Stlth    ++........             (no amulet)
HPRegen  0.11/turn              (no ring)
MPRegen  0.11/turn              (no ring)

@: no status effects
A: unfitting armour, cold-blooded, AC +5
a: no special abilities


You were on level 3 of the Dungeon.
You were hungry.

You visited 1 branch of the dungeon, and saw 3 of its levels.

You collected 125 gold pieces.

Inventory:

Hand Weapons
 d - a +0 club (weapon)
 e - a +0 spear
 f - a +0 war axe
 h - a +0 hunting sling
 l - a +0 dagger
 p - a +0 mace of protection
 t - a +0 spear
 v - a +1 dagger of venom
 C - a +0 blowgun
Missiles
 i - 11 tomahawks (quivered)
 j - 63 poisoned needles
 k - 21 arrows
 q - 37 sling bullets
 y - 19 stones
 z - 5 needles of sleeping
Jewellery
 c - an uncursed amulet of harm {unknown}
Scrolls
 g - 3 scrolls of teleportation {unknown}
 m - a scroll of fear {unknown}
 o - a scroll of fog {unknown}
 r - a scroll of remove curse {unknown}
 u - 2 scrolls of amnesia {unknown}
 x - a scroll of random uselessness {unknown}
Potions
 a - 2 potions of haste
 n - a potion of brilliance {unknown}
 s - a potion of lignification {unknown}
 w - a potion of heal wounds {unknown}
 B - a potion of magic {unknown}
Comestibles
 b - 8 rations


   Skills:
 + Level 0.5 Fighting
 + Level 1.2 Maces & Flails
 + Level 2.2 Dodging
 + Level 2.4 Stealth
 + Level 2.6 Spellcasting
 + Level 1.6 Conjurations
 + Level 4.0 Air Magic


You had 7 spell levels left.
You knew the following spells:

 Your Spells              Type           Power        Failure   Level  Hunger
a - Shock                 Conj/Air       ##..         5%          1    #......

Your spell library contained the following spells:

 Spells                   Type           Power        Failure   Level  Hunger
 Swiftness                Chrm/Air       #.......     12%         2    ##.....
 Static Discharge         Conj/Air       ##......     17%         3    ###....
 Airstrike                Air            ###.......   32%         4    #####..
 Lightning Bolt           Conj/Air       ##........   83%         5    ######.


Dungeon Overview and Level Annotations

Branches:
Dungeon (3/15)

Altars:

Annotations:
D:3 Sigmund


Innate Abilities, Weirdness & Mutations

Your plain brown scales are hard. (AC +5)
You cannot fit into any form of body armour.
You are cold-blooded and may be slowed by cold attacks.


Message History

Sigmund is moderately wounded.
Sigmund hits you from afar with a cursed +0 scythe.
A dart slug comes into view.
Sigmund hits you but does no damage.
You hit Sigmund.
Sigmund is heavily wounded.
Sigmund closely misses you. Sigmund misses you.
You barely miss Sigmund.
You tail-slap Sigmund, but do no damage.
Sigmund is heavily wounded.
Sigmund gestures wildly while chanting.
Sigmund flickers and vanishes!
Deactivating autopickup; reactivate with Ctrl-A.
You hit something.
Your tail-slap misses something.
Something hits you.
* * * LOW HITPOINT WARNING * * *
You closely miss something. Something completely misses you.
Something hits you.
* * * LOW HITPOINT WARNING * * *
You miss something. Something hits you.
You die...

##### #########...#######
#....##...#.......#
#....†..###.......# #.....###
#.......#
####....######.###########...
..)'>)..'.......@{w........#
####....######.######........
######### #..# ..#...?..
.)).÷..# ##..# .###......
######.# ##### #+##. .....
##...).# #...# # .....
##+#######...# ....
#............# ....
#............#


You could see a dart slug.

Vanquished Creatures
  Robin (D:3)
  4 adders (D:2)
  2 worms (D:2)
  A dart slug (D:1)
  2 leopard geckos
  7 bats
  3 giant cockroaches
  17 goblins
  9 hobgoblins
  3 jackals (D:2)
  A ball python (D:2)
  5 frilled lizards
  7 kobolds
  6 rats
68 creatures vanquished.

Notes
Turn   | Place    | Note
-------+----------+-------------------------------------------
     0 | D:1      | Kahibar the Draconian Air Elementalist began the quest for
                  | the Orb.
     0 | D:1      | Reached XP level 1. HP: 14/14 MP: 3/3
   243 | D:1      | Reached XP level 2. HP: 20/20 MP: 3/5
   857 | D:1      | Reached XP level 3. HP: 26/26 MP: 0/6
  1709 | D:2      | Reached XP level 4. HP: 30/33 MP: 4/7
  1843 | D:2      | Reached skill level 1 in Maces & Flails
  2119 | D:2      | Noticed a phantom
  2318 | D:2      | Found a faded altar of an unknown god.
  2762 | D:2      | Reached skill level 4 in Air Magic
  3002 | D:3      | Noticed Robin
  3029 | D:3      | Killed Robin
  3254 | D:3      | Noticed Sigmund
  3271 | D:3      | Slain by Sigmund

Skill      XL: |  1  2  3  4 |
---------------+-------------+-----
Stealth        | 2 |  2.4
Dodging        | 2 |  2.2
Maces & Flails | 1 |  1.2
Air Magic      | 4 |  4.0
Fighting       | |  0.5
Spellcasting   | |  2.6
Conjurations   | |  1.6

Action                   |  1- 3 |  4- 6 || total
-------------------------+-------+-------++-------
Melee: Unarmed           |     5 |       ||     5
       Club              |    62 |    38 ||   100
       Tailslap          |     4 |     7 ||    11
 Cast: Shock             |    48 |    46 ||    94
 Stab: Sleeping          |     3 |     1 ||     4
  Eat: Chunk             |     3 |     5 ||     8
Armor: Skin              |    32 |    18 ||    50
Dodge: Dodged            |    61 |    44 ||   105
